 Dungeon Crawl Stone Soup version 0.13.0-7-g3df9ff1 (console) character file.

88 Illaniel the Charmwright (level 3, -1/23 HPs)
             Began as a High Elf Skald on Oct 16, 2013.
             Killed from afar by Sigmund (7 damage)
             ... with a magic dart
             ... on Level 2 of the Dungeon.
             The game lasted 00:08:53 (1292 turns).

Illaniel the Charmwright (High Elf Skald)           Turns: 1292, Time: 00:08:53

HP  -1/23        AC  5     Str 11      XL: 3   Next: 23%
MP  18/18        EV  9     Int 16      God:
Gold 51          SH  0     Dex 15      Spells:  3 memorised,  2 levels left

Res.Fire  : . . .   See Invis. : .   a - +0 elf falchion
Res.Cold  : . . .   Warding    : .   n - +0 ring mail {rN+}
Life Prot.: + . .   Conserve   : .   (no shield)
Res.Poison: .       Res.Corr.  : .   (no helmet)
Res.Elec. : .       Clarity    : .   (no cloak)
Sust.Abil.: . .     Spirit.Shd : .   (no gloves)
Res.Mut.  : .       Stasis     : .   (no boots)
Res.Rott. : .       Flight     : .   (no amulet)
Saprovore : . . .                    (no ring)
                                     j - ring of magical power

@: invisible (expiring), very slightly contaminated, slightly resistant to
hostile enchantments, very unstealthy
A: no striking features
a: no special abilities


You were on level 2 of the Dungeon.
You were not hungry.

You visited 1 branch of the dungeon, and saw 2 of its levels.

You collected 31 gold pieces.

Inventory:

Hand weapons
 a - a +0,+0 elven falchion (weapon)
Armour
 b - a +0 elven leather armour
 n - a +0 ring mail of positive energy (worn)
Comestibles
 d - 2 bread rations
 f - a slice of pizza
 k - a chunk of bat flesh
Scrolls
 e - 2 scrolls of teleportation {unknown}
 g - 2 scrolls of remove curse {unknown}
 h - a scroll of curse armour {unknown}
 i - a scroll of fog {unknown}
 m - a scroll of identify {unknown}
Jewellery
 j - a ring of magical power (left hand)
Potions
 l - 2 potions of curing {unknown}
 o - 2 potions of invisibility
Books
 c - a book of Battle

   Spells                             Type                      Level
   *Infusion                          Charms                       1
   *Shroud of Golubria                Charms/Translocation         2
   *Song of Slaying                   Charms                       2
   Spectral Weapon                    Hexes/Charms                 3
   Regeneration                       Charms/Necromancy            3
   Song of Shielding                  Charms                       4


   Skills:
 + Level 2.3 Fighting
 + Level 3.0 Long Blades
 + Level 1.1 Armour
 + Level 1.2 Dodging
 + Level 2.8 Spellcasting
 + Level 4.2 Charms


You had 2 spell levels left.
You knew the following spells:

 Your Spells              Type           Power        Failure   Level  Hunger
a - Infusion              Chrm           ###...       8%          1    #......
b - Song of Slaying       Chrm           ###.......   12%         2    ##.....
h - Shroud of Golubria    Chrm/Tloc      #.........   21%         2    ##.....


Dungeon Overview and Level Annotations

Branches:
Dungeon (2/27)

Altars:

Annotations:
D:2 Sigmund


Message History

Okay, then.
Drink which item? (? for menu, Esc to quit)
Okay, then.
You are feeling less magically infused.
Sigmund casts a spell at you. The magic dart hits you!
Sigmund mumbles some strange words.
Sigmund flickers and vanishes!
Deactivating autopickup; reactivate with Ctrl-A.
You miss it. It hits you!
* * * LOW HITPOINT WARNING * * *
Your shroud falls apart!
Drink which item? (? for menu, Esc to quit)
You fade into invisibility!
It was a potion of invisibility.
You are very lightly contaminated with residual magic.
Your attacks are no longer magically infused.
You flicker for a moment.
The magic dart hits you!
You die...

▒∙▒ ▒∙∙{▒▒∙▒∙∙∙▒▒∙∙∙∙∙∙∙∙∙∙∙∙▒
▒∙▒▒▒▒∙{▒▒∙▒▒▒∙▒▒∙∙∙∙∙∙∙∙∙∙∙∙▒
▒∙▒▒∙∙∙∙▒▒∙∙∙∙∙▒▒▒▒▒▒∙∙∙∙∙∙∙∙∙
▒∙▒▒∙▒∙▒▒▒▒▒▒▒▒▒▒▒▒ ▒∙∙∙∙∙∙∙∙
▒∙▒▒∙▒∙▒▒▒▒▒∙∙∙∙∙∙∙▒▒∙∙∙∙∙∙∙
▒∙▒▒∙▒∙∙∙∙∙∙∙∙∙∙∙∙∙▒▒∙∙∙∙
▒▒∙▒▒∙▒∙(∙{∙∙∙∙∙∙∙∙∙▒
▒∙∙∙∙∙▒∙∙∙∙∙∙∙∙∙∙∙∙∙▒
▒∙∙▒▒▒▒∙∙∙∙∙∙∙∙∙∙∙∙∙▒ ▒∙∙▒
▒∙∙∙∙∙∙∙∙∙∙∙∙∙▒▒∙∙ ∙∙∙∙▒
▒∙∙∙∙∙∙∙∙@∙∙∙∙∙∙∙∙ ∙▒▒∙∙
▒)∙∙∙∙∙∙∙∙∙∙∙∙▒▒∙▒ ∙ ∙▒▒
▒∙▒▒∙▒▒∙∙∙∙∙∙∙▒ ∙ ▒∙
▒∙▒▒∙∙∙∙∙∙∙▒ ∙ ∙∙▒▒∙∙∙∙∙∙∙▒
▒▒▒ ▒▒▒▒▒▒▒▒▒


There were no monsters in sight!

Vanquished Creatures
  2 oozes (D:1)
  2 ball pythons (D:1)
  6 bats
  5 goblins (D:1)
  2 hobgoblins
  5 jackals
  3 giant newts (D:1)
  5 kobolds
  3 rats (D:1)
33 creatures vanquished.

Notes
Turn   | Place    | Note
--------------------------------------------------------------
     0 | D:1      | Illaniel, the High Elf Skald, began the quest for the Orb.
     0 | D:1      | Reached XP level 1. HP: 13/13 MP: 4/4
   133 | D:1      | Reached skill level 1 in Armour
   174 | D:1      | Reached XP level 2. HP: 5/18 MP: 0/6
   178 | D:1      | Learned a level 2 spell: Song of Slaying
   182 | D:1      | Learned a level 2 spell: Shroud of Golubria
   690 | D:1      | Reached skill level 4 in Charms
   922 | D:1      | Reached XP level 3. HP: 23/23 MP: 4/9
  1265 | D:2      | Noticed Sigmund
  1292 | D:2      | Killed from afar by Sigmund

Action                   || total
-------------------------++-------
Melee: Falchion          ||   114
 Cast: Infusion          ||    17
       Shroud of Golubri ||    11
       Song of Slaying   ||     1
  Use: Potion            ||     1
